 Dungeon Crawl Stone Soup version 0.22-a0-373-gab1296c (webtiles) character file.

1 sankara the Grave Robber (level 1, 0/13 HPs)
             Began as a Demonspawn Necromancer on Apr 25, 2018.
             Slain by a ball python (1 damage)
             ... on level 1 of the Dungeon.
             The game lasted 00:01:12 (170 turns).

sankara the Grave Robber (Demonspawn Necromancer)    Turns: 170, Time: 00:01:13

Health: 0/13       AC:  2    Str:  8    XL:     1   Next: 16%
Magic:  1/3        EV:  9    Int: 16    God:
Gold:   5          SH:  0    Dex: 13    Spells: 3/4 levels left

rFire    . . .     SeeInvis .   (no weapon)
rCold    . . .     Gourm    .   (no shield)
rNeg     . . .     Faith    .   a - +0 robe
rPois    .         Spirit   .   (no helmet)
rElec    .         Reflect  .   (no cloak)
rCorr    .         Harm     .   (no gloves)
MR       .....     Rnd*Tele +   (no boots)
Stlth    ++........             (no amulet)
HPRegen  0.04/turn              b - ring of teleportation (curse) {+/*tele, !d}
MPRegen  0.08/turn              (no ring)

@: constricted
A: no striking features
a: no special abilities


You were on level 1 of the Dungeon.
You were not hungry.

You visited 1 branch of the dungeon, and saw 1 of its levels.

You collected 5 gold pieces.

Inventory:

Missiles
 e - 13 stones (quivered)
Armour
 a - a +0 robe (worn)
Jewellery
 b - a cursed ring of teleportation (left hand) {+/*tele, !d}
   (You found it on level 1 of the Dungeon)
Scrolls
 d - a scroll of identify {unknown}
Comestibles
 c - a ration


   Skills:
 + Level 1.8 Dodging
 + Level 1.8 Stealth
 + Level 2.0 Spellcasting
 + Level 4.4 Necromancy


You had 3 spell levels left.
You knew the following spells:

 Your Spells              Type           Power        Failure   Level  Hunger
a - Pain                  Necr           ###.         3%          1    #......


Dungeon Overview and Level Annotations

Branches:
Dungeon (1/15)

Altars:


Message History

Welcome, sankara the Demonspawn Necromancer.
The bosom of this dungeon contains the fabled artefact, the Orb of Zot.
Press ? for a list of commands and other information.
Found 4 gold pieces.
Found a staircase leading out of the dungeon.
You now have 1 gold piece.
You now have 2 gold pieces (gained 1).
You now have 3 gold pieces (gained 1).
Key pressed, stopping explore.
You now have 4 gold pieces (gained 1).
There is a fountain of clear blue water here.
You now have 5 gold pieces (gained 1).
You open the door.
There is an open door here.
You open the door.
There is an open door here.
Found a stone staircase leading down.
A rat comes into view.
Casting: Pain (safe; 3% risk of failure)
Confirm with . or Enter, or press ? or * to list all spells.
Aiming: Pain (safe; 3% risk of failure)
Press: ? - help, Shift-Dir - straight line, f - rat
Aim: a rat (chance to defeat MR: 85%)
The rat writhes in agony!
You kill the rat!
b - a notched cabochon ring Put on which piece of jewellery? (? for menu, Esc to quit)
You feel slightly jumpy.
Oops, that ring feels deathly cold.
b - a cursed ring of teleportation (left hand)
You aren't carrying any scrolls.
d - a scroll labeled SASTUO XOVAMEHUZU HP restored.
You are suddenly yanked towards a nearby monster!
Your surroundings suddenly seem different.
A frilled lizard comes into view.
The frilled lizard hisses angrily.
Casting: Pain (safe; 3% risk of failure)
Confirm with . or Enter, or press ? or * to list all spells.
Aiming: Pain (safe; 3% risk of failure)
Press: ? - help, Shift-Dir - straight line, f - frilled lizard
Aim: a frilled lizard (chance to defeat MR: 85%)
The frilled lizard writhes in agony!
You kill the frilled lizard!
e - 13 stones Save game and exit?
Welcome back, sankara the Demonspawn Necromancer.
Press ? for a list of commands and other information.
Unknown command.
Casting: Pain (safe; 3% risk of failure)
Confirm with . or Enter, or press ? or * to list all spells.
Okay, then.
Unknown command.
Unknown command.
An ooze comes into view.
Casting: Pain (safe; 3% risk of failure)
Confirm with . or Enter, or press ? or * to list all spells.
Aiming: Pain (safe; 3% risk of failure)
Press: ? - help, Shift-Dir - straight line, f - ooze
Aim: an ooze (resting, chance to defeat MR: 73%)
The ooze quivers.
The ooze writhes in agony!
The ooze hits you.
Casting: Pain (safe; 3% risk of failure)
Confirm with . or Enter, or press ? or * to list all spells.
Aiming: Pain (safe; 3% risk of failure)
Press: ? - help, Shift-Dir - straight line, f/p - ooze
Aim: an ooze (moderately wounded, chance to defeat MR: 73%)
The ooze writhes in agony!
The ooze hits you.
Casting: Pain (safe; 3% risk of failure)
Confirm with . or Enter, or press ? or * to list all spells.
Aiming: Pain (safe; 3% risk of failure)
Press: ? - help, Shift-Dir - straight line, f/p - ooze
Aim: an ooze (heavily wounded, chance to defeat MR: 73%)
The ooze struggles to resist.
The ooze hits you.
* * * LOW HITPOINT WARNING * * *
Casting: Pain (safe; 3% risk of failure)
Confirm with . or Enter, or press ? or * to list all spells.
You don't have enough magic to cast that spell.
Unknown command.
Casting: Pain (safe; 3% risk of failure)
Confirm with . or Enter, or press ? or * to list all spells.
Aiming: Pain (safe; 3% risk of failure)
Press: ? - help, Shift-Dir - straight line, f/p - ooze
Aim: an ooze (heavily wounded, chance to defeat MR: 73%)
The ooze struggles to resist.
The ooze closely misses you.
A ball python comes into view.
The ball python hisses angrily.
The ooze barely misses you.
Found a stone staircase leading down.
You see here 13 gold pieces.
Casting: Pain (safe; 3% risk of failure)
Confirm with . or Enter, or press ? or * to list all spells.
Aiming: Pain (safe; 3% risk of failure)
Press: ? - help, Shift-Dir - straight line, f/p - ooze
Aim: an ooze (heavily wounded, chance to defeat MR: 73%)
The ooze writhes in agony!
The ooze misses you.
A dart slug comes into view.
The ball python bites you but does no damage.
The ball python grabs you.
You die...

#......# ......#
#.....# ###
#.....##...
#........w ######
#......# .
#....###......#..%.
#>.....JS@.......
#...$..#......... #
#.##...#..##.....
#.#.####...........
#..S######..### ...
#.!...S...#.# ..
#...#######.#.# .
#.## #.#.##### #.
#.S.....#
##########


You could see an ooze and a ball python.

Vanquished Creatures
  A frilled lizard (D:1)
  A rat (D:1)
2 creatures vanquished.

Notes
Turn   | Place    | Note
-------+----------+-------------------------------------------
     0 | D:1      | sankara the Demonspawn Necromancer began the quest for the Orb.
     0 | D:1      | Reached XP level 1. HP: 13/13 MP: 3/3
   136 | D:1      | HP: 1/13 [ooze (3)]
   170 | D:1      | Slain by a ball python

Vault maps used:
D:1:      giann_wishing_wells

Action                   || total
-------------------------++-------
 Cast: Pain              ||     7
Armor: Robe              ||     1
Dodge: Dodged            ||     3

Table legend:
 A = Spawn XP
 B = Non-spawn XP
 C = Spawn XP percentage of total XP
 D = Spawn monster count
 E = Non-spawn monster count
 F = Spawn count percentage of total count
 G = Total turns spent on level
                    A         B        C        D         E        F      G
               +---------+---------+-------+---------+---------+-------+---------
         Total |       0 |       2 |   0.0 |       0 |       2 |   0.0 |   170
               +---------+---------+-------+---------+---------+-------+---------
           D:1 |       0 |       2 |   0.0 |       0 |       2 |   0.0 |   170
               +---------+---------+-------+---------+---------+-------+---------

Vault maps used:
D:1:      giann_wishing_wells

Table legend:
 A = Turns spent in this place as a percentage of turns spent in the entire game.
 B = Non-inter-level travel turns spent in this place as a percentage of non-inter-level travel turns spent in the entire game.
 C = Inter-level travel turns spent in this place as a percentage of turns spent in this place.
 D = Turns resting spent in this place as a percentage of non-inter-level travel turns spent in this place.
 E = Turns spent auto-exploring this place as a percentage of non-inter-level travel turns spent in this place.
 F = Non-inter-level travel turns spent in this place divided by the number of levels of this place that you've seen.
                   A       B       C       D       E      F
               +-------+-------+-------+-------+-------+----------------------
         Total | 100.0 | 100.0 |   0.0 |   0.0 |  64.1 | 170.0
       Dungeon | 100.0 | 100.0 |   0.0 |   0.0 |  64.1 | 170.0
               +-------+-------+-------+-------+-------+----------------------

Table legend:
 A = Kills in this place as a percentage of kills in entire the game.
 B = Kills by you in this place as a percentage of kills by you in the entire game.
 C = Kills by friends in this place as a percentage of kills by friends in the entire game.
 D = Other kills in this place as a percentage of other kills in the entire game.
 E = Experience gained in this place as a percentage of experience gained in the entire game.
 F = Experience gained in this place divided by the number of levels of this place that you have seen.
                   A       B       C       D       E      F
               +-------+-------+-------+-------+-------+----------------------
         Total | 100.0 | 100.0 |   N/A |   N/A | 100.0 |   2.0
       Dungeon | 100.0 | 100.0 |   N/A |   N/A | 100.0 |   2.0
               +-------+-------+-------+-------+-------+----------------------
